Map: New Gettysburg LE

Players

Nickos - Winner!

  • Race: Terran Terran
  • League: Gold

zero

  • Race: Terran Terran
  • League: Gold

VOD

Have the link to the VOD?

Description

Time

  • Played on: Sept. 9, 2016, 4:23 a.m.
  • Length: 13:41
Show
View Real Time Build Order
Export as new Build Order

Nickos Terran - Winner!

Build Orders: Reaper Expand, MMM Bio 

Get SALT Encoding   

  12  0:01  SCV  
  13  0:13  SCV  
  14  0:19  Supply Depot  
  14  0:25  SCV  
  15  0:41  Barracks, SCV  
  16  0:45  Refinery  
  16  0:53  SCV  
  17  1:05  SCV  
  18  1:18  SCV  
  19  1:28  Reaper  
  19  1:30  Orbital Command  
  20  1:45  Command Center  
  20  1:56  Supply Depot  
  20  2:02  Barracks  
  20  2:06  SCV  
  21  2:14  Marine  
  22  2:18  SCV  
  23  2:25  Refinery  
  23  2:30  SCV  
  24  2:47  SCV  
  25  2:59  SCV  
  25  3:01  Barracks Tech Lab  
  26  3:06  Barracks Reactor  
  26  3:07  Factory  
  26  3:12  Orbital Command  
  26  3:15  SCV  
  26  3:28  Stimpack  
  26  3:29  SCV  
  26  3:33  Marauder  
  29  3:40  Supply Depot, SCV  
  30  3:41  SCV  
  30  3:44  Marine x2  
  33  3:52  Bunker  
  33  3:53  Factory Reactor  
  33  3:55  Starport, Marauder  
  35  3:57  SCV  
  35  3:59  SCV  
  37  4:03  Supply Depot  
  37  4:06  Marine x2  
  39  4:10  SCV  
  39  4:13  SCV  
  39  4:16  Marine  
  42  4:22  SCV  
  42  4:23  Marine  
  44  4:25  SCV  
  44  4:28  Supply Depot  
  45  4:34  Marine x2, SCV  
  45  4:37  SCV  
  49  4:41  Barracks x2, Marine  
  49  4:42  Medivac  
  52  4:46  Medivac, SCV  
  52  4:49  SCV  
  52  4:52  Marine  
  57  4:58  SCV  
  58  5:00  Supply Depot  
  58  5:01  SCV  
  58  5:04  Marine x2  
  58  5:06  Factory Reactor  
  61  5:09  Supply Depot  
  61  5:10  SCV  
  61  5:25  Medivac x2  
  61  5:26  Marine x2  
  61  5:27  Marine x3  
  65  5:44  Marine  
  65  5:47  Supply Depot, SCV x2  
  71  5:52  Widow Mine x2  
  71  5:55  Medivac  
  76  5:59  SCV x2  
  74  6:10  Marauder  
  77  6:11  SCV x2  
  77  6:13  Marine  
  77  6:14  Barracks Reactor  
  77  6:16  Command Center  
  79  6:19  Supply Depot  
  79  6:21  Widow Mine  
  79  6:22  Barracks Reactor  
  79  6:23  SCV  
  82  6:27  SCV  
  83  6:35  SCV  
  83  6:39  SCV  
  85  6:43  Refinery  
  85  6:45  Refinery, Marine x3  
  85  6:46  Medivac  
  90  6:50  Supply Depot, Marine  
  90  6:51  Widow Mine, Marine  
  90  6:52  Widow Mine  
  96  7:02  Marine  
  96  7:06  Marine x4  
  101  7:08  Marine  
  101  7:11  Marine  
  103  7:17  Medivac, Supply Depot  
  103  7:20  SCV, Marine  
  103  7:21  SCV  
  108  7:24  Marine  
  108  7:29  Medivac  
  111  7:30  Marine x4  
  111  7:31  Marine  
  116  7:42  Marine x2  
  118  7:47  Medivac  
  118  7:48  Marine  
  118  7:49  Marauder  
  118  7:51  Supply Depot  
  123  7:53  SCV x2  
  123  7:55  Engineering Bay x2  
  125  8:04  Marine x5  
  130  8:05  Medivac, SCV  
  130  8:12  SCV, Marine x2  
  136  8:17  Medivac  
  136  8:19  Factory Tech Lab  
  138  8:23  Starport  
  138  8:38  SCV  
  138  8:41  Planetary Fortress  
  139  8:46  Supply Depot  
  139  8:47  Bunker  
  139  8:48  Supply Depot  
  139  8:52  Marine  
  139  8:53  Marine x5  
  139  8:54  Medivac, Marine  
  148  8:57  SCV  
  149  9:04  Medivac, SCV  
  149  9:09  SCV  
  153  9:11  Supply Depot  
  153  9:14  Supply Depot  
  153  9:16  Combat Shields, SCV  
  154  9:22  Marine x3  
  154  9:23  Command Center, Marine x2  
  159  9:28  Refinery  
  159  9:35  Medivac x2, Supply Depot  
  162  10:18  Marine  
  162  10:19  Marine  
  162  10:20  Viking x2  
  168  10:27  Marine x2  
  168  10:28  Marine x2  
  172  10:44  Marine x2  
  174  10:50  Viking x2  
  178  10:58  Armory  
  178  11:00  Terran Infantry Weapons Level 1  
  178  11:02  Marine x2  
  178  11:03  Marine x5  
  185  11:20  Medivac, Marine x3  
  185  11:21  Marine x2  
  192  11:26  Orbital Command  
  192  11:33  Medivac  
  192  11:35  Marine x2  
  192  11:38  Marine x3  
  199  12:00  Marine  
  185  12:44  Marine  
  185  12:45  Marine x5  
  185  12:46  Marine  
  162  13:02  Marine  
  161  13:08  Marine x5  
  161  13:09  Medivac x2, Marine  
  157  13:20  Marine  
Show
View Real Time Build Order
Export as new Build Order

zero Terran 

Build Orders: Mech 

Get SALT Encoding   

  12  0:01  SCV  
  13  0:14  Refinery  
  13  0:15  SCV  
  14  0:28  SCV  
  15  0:32  Supply Depot  
  15  0:53  SCV  
  15  0:55  Barracks  
  16  0:58  Supply Depot  
  16  1:05  SCV  
  17  1:17  SCV  
  18  1:29  SCV  
  19  1:43  Factory  
  19  1:44  Barracks Reactor  
  19  1:48  Orbital Command  
  19  1:50  Refinery  
  19  2:14  SCV  
  20  2:26  SCV, Factory  
  20  2:53  Hellion x2  
  24  3:12  Factory Reactor  
  24  3:13  Factory Tech Lab  
  24  3:15  SCV  
  25  3:27  SCV  
  26  3:31  Starport  
  26  3:39  SCV  
  27  3:42  Supply Depot  
  27  3:44  Cyclone  
  31  3:59  Armory  
  31  4:03  Hellion x2, SCV  
  36  4:15  SCV  
  37  4:18  Medivac  
  39  4:50  Supply Depot  
  39  5:11  SCV  
  36  5:52  SCV  
  36  5:53  Command Center  
  36  5:55  Hellion x2  
  37  6:00  Siege Tank  
  37  6:01  Starport Reactor  
  40  6:06  Factory  
  40  6:09  Marine  
  41  6:18  Bunker  
  41  6:27  Marine  
  42  6:32  Engineering Bay  
  42  6:39  Liberator  
  36  6:45  Marine  
  37  6:51  Factory Tech Lab  
  37  6:56  Medivac  
  42  7:02  Marine  
  43  7:09  SCV  
  43  7:13  Siege Tank  
  47  7:15  Siege Tank  
  47  7:21  SCV  
  51  7:23  Missile Turret  
  51  7:25  Hi-Sec Auto Tracking  
  51  7:29  Missile Turret  
  51  7:43  Missile Turret  
  51  7:46  Orbital Command  
  51  7:51  Missile Turret  
  51  7:54  Refinery x2, Siege Tank x2  
  57  8:10  Liberator  
  57  8:20  SCV x2  
  62  8:38  Supply Depot  
  62  8:52  Missile Turret  
  62  8:59  Viking, SCV  
  62  9:00  SCV  
  66  9:12  SCV x2  
  66  9:14  Missile Turret  
  68  9:24  SCV x2  
  70  9:30  Terran Ship Weapons Level 1  
  70  9:32  Building Armor  
  70  9:33  Fusion Core  
  70  9:45  Supply Depot  
  70  9:49  Supply Depot  
  70  10:07  Thor, SCV x2  
  70  10:10  Command Center  
  78  10:24  Armory  
  78  10:26  Viking x2  
  82  10:36  Starport  
  82  10:40  Siege Tank  
  85  10:43  Supply Depot  
  85  10:44  Supply Depot  
  85  10:54  SCV  
  86  11:05  SCV  
  82  11:34  Orbital Command  
  82  11:38  SCV x2  
  84  11:42  Refinery  
  84  11:46  Missile Turret  
  84  11:50  SCV  
  85  11:59  Starport Tech Lab  
  85  12:02  Viking x2  
  85  12:05  Siege Tank x2  
  85  12:07  Missile Turret  
  95  12:09  Refinery  
  95  12:27  Missile Turret  
Tags
 
Composition
MMM BioMech
League
GoldGold
Matchup
TvT
Race
Terran
Replay Pack
Nickos replay
Add a new tag
Caveats
  • Supply blocks, unpowered buildings, or Contaminate may cause inaccurate times.
  • Supply counts are checked every 10 seconds.